 Dungeon Crawl Stone Soup version 0.21.1-1-g345015f (webtiles) character file.

149777 lyrx the Imperceptible (level 16, -5/80 HPs)
             Began as a Spriggan Enchanter on Mar 22, 2018.
             Was a Believer of Uskayaw.
             Killed by the raging water
             ... invoked by a water nymph
              (18 damage)
             ... on level 4 of the Shoals on Mar 25, 2018.
             The game lasted 05:59:52 (31585 turns).

lyrx the Imperceptible (Spriggan Enchanter)        Turns: 31585, Time: 05:59:53

Health: -5/80      AC:  6    Str:  4    XL:     16   Next: 67%
Magic:  29/35      EV: 33    Int: 18    God:    Uskayaw [**....]
Gold:   1132       SH:  0    Dex: 26    Spells: 17/43 levels left

rFire    + . .     SeeInvis +   V - +3 dagger (speed)
rCold    + . .     Gourm    .   (shield restricted)
rNeg     . . .     Faith    +   C - +2 robe {rC+}
rPois    .         Spirit   .   Z - +0 hat
rElec    .         Reflect  .   F - +1 cloak
rCorr    .         Harm     .   (gloves unavailable)
MR       +++..                  (boots unavailable)
Stlth    +++++++++.             f - amulet of faith
HPRegen  0.23/turn              E - ring of flight
MPRegen  0.24/turn              o - +4 ring of dexterity

@: flying, very slightly contaminated, very quick
A: very small, unfitting armour, see invisible, fire resistance 1, herbivore,
speed 3, magic resistance 1, robust 1, slow metabolism 2
}: 1/15 runes: barnacled
a: Stomp, Line Pass, Renounce Religion, Stop Flying


You were on level 4 of the Shoals.
You worshipped Uskayaw.
Uskayaw was noncommittal.
You were not hungry.

You visited 5 branches of the dungeon, and saw 28 of its levels.
You visited 1 bazaar.
You also visited: Labyrinth.

You collected 2402 gold pieces.
You spent 1270 gold pieces at shops.

Inventory:

Hand Weapons
 t - a +2 fustibalus of flaming
 O - the +5 rapier "Huommust" {vamp, rPois rF+}
   (You acquired it on level 2 of the Orcish Mines)

   It inflicts no extra harm, but heals its wielder when it wounds a living foe.
   It protects you from fire.
   It protects you from poison.
 V - a +3 dagger of speed (weapon)
Missiles
 A - 506 stones (quivered)
Armour
 x - +2 steam dragon scales
 C - a +2 robe of cold resistance (worn)
 F - a +1 cloak (worn)
 R - a scarf of repulsion
 S - a +1 robe of magic resistance
 Z - a +0 hat (worn)
Jewellery
 f - an amulet of faith (around neck)
 l - an uncursed ring of stealth
 o - a +4 ring of dexterity (right hand)
 E - a ring of flight (left hand)
 G - an uncursed ring of ice
 H - an uncursed ring of ice
 N - an uncursed ring of fire
Wands
 g - a wand of digging (27)
 u - a wand of polymorph (45)
 B - a wand of iceblast (13)
 D - a wand of disintegration (30)
 M - a wand of enslavement (14)
 P - a wand of scattershot (3)
 T - a wand of flame (36)
 Y - a wand of paralysis (11)
Scrolls
 a - 4 scrolls of amnesia
 c - a scroll of fear
 k - 10 scrolls of teleportation
 n - a scroll of magic mapping
 p - 10 scrolls of identify
 w - a scroll of blinking
 y - 15 scrolls of remove curse
 K - a scroll of fog
Potions
 b - 3 potions of magic
 e - 2 potions of might
 h - 7 potions of curing
 i - 4 potions of ambrosia
 j - a potion of mutation
 m - 3 potions of heal wounds
 q - 6 potions of agility
 s - 5 potions of flight
 v - 6 potions of lignification
 z - 2 potions of cancellation
 J - 2 potions of haste
 L - 3 potions of brilliance
 W - a potion of resistance
Books
 r - a book of Callings

   Spells                             Type                      Level
   a - Summon Small Mammal            Summoning                    1
   b - Call Imp                       Summoning                    2
   c - Call Canine Familiar           Summoning                    3
   d - Summon Guardian Golem          Hexes/Summoning              3
   e - Summon Lightning Spire         Summoning/Air                4
   f - Summon Ice Beast               Ice/Summoning                4
 Q - the Volume of the Ten Scars
   (You found it on level 4 of the Shoals)

   Spells                             Type                      Level
   a - Flame Tongue                   Conjuration/Fire             1
   b - Shroud of Golubria             Charms/Translocation         2
   c - Conjure Flame                  Conjuration/Fire             3
   d - Passage of Golubria            Translocation                4
   e - Bolt of Magma                  Conjuration/Fire/Earth       5
   f - Summon Forest                  Summoning/Translocation      5
Miscellaneous
 I - a sack of spiders
 U - a lamp of fire
 X - a lightning rod (4/4)
Comestibles
 d - 28 rations


   Skills:
 + Level 3.6 Fighting
 - Level 10.0 Short Blades
 * Level 13.8 Dodging
 * Level 23.2 Stealth
 + Level 14.3 Spellcasting
 - Level 0.2 Conjurations
 * Level 17.4 Hexes
 * Level 6.6 Transmutations
 - Level 1.1 Ice Magic
 + Level 11.0 Evocations


You had 17 spell levels left.
You knew the following spells:

 Your Spells              Type           Power        Failure   Level  Hunger
a - Corona                Hex            ######.      0%          1    None
b - Ensorcelled Hibernat  Hex/Ice        #####.       1%          2    None
c - Confuse               Hex            ######..     0%          3    None
d - Metabolic Englaciati  Hex/Ice        #####.....   3%          5    ####...
e - Yara's Violent Unrav  Hex/Tmut       ######....   1%          5    ####...
f - Invisibility          Hex            ######..     1%          6    #####..
g - Dazzling Spray        Conj/Hex       #####.       1%          3    None
h - Summon Butterflies    Summ           ##......     4%          1    None


Dungeon Overview and Level Annotations

Branches:
Dungeon (15/15)            Temple (1/1) D:7            Lair (6/6) D:9
 Shoals (4/4) Lair:4        Snake (0/4) Lair:2        Slime (0/5) Lair:6
    Orc (2/2) D:10            Elf (0/3) Orc:2        Vaults (0/5) D:13
 Depths (0/5) D:15

Altars:
Ashenzari
Cheibriados
Dithmenos
Elyvilon
Fedhas
Gozag
Hepliaklqana
Kikubaaqudgha
Makhleb
Nemelex Xobeh
Okawaru
Qazlal
Ru
Sif Muna
Trog
Uskayaw
Vehumet
Wu Jian
Xom
Yredelemnul
Zin
The Shining One
Beogh

Shops:
D:5 =:!   D:12 }   Orc:1 %   Orc:2 :(([   Shoals:1 %:*   Shoals:2 (:[([
Shoals:4 [

Annotations:
Shoals:4 Ilsuiw


Innate Abilities, Weirdness & Mutations

You are very small and have problems with some larger weapons.
You are too small for most types of armour.
You have supernaturally acute eyesight. (SInv)
You are a herbivore.
You cover ground extremely quickly.
You need consume almost no food.
Your flesh is heat resistant. (rF+)
You are resistant to hostile enchantments. (MR+)
You are robust. (+10% HP)


Message History

Press: ? - help, Shift-Dir - straight line, f - merfolk impaler
Aim: a merfolk impaler, wielding a trident and wearing a robe (chance to defeat MR: 53%)
The merfolk impaler resists with some effort.
The merfolk impaler completely misses you.
The water nymph misses you.
The snapping turtle completely misses you.
The merfolk impaler completely misses you.
Casting: Ensorcelled Hibernation
Confirm with . or Enter, or press ? or * to list all spells.
Aiming: Ensorcelled Hibernation
Press: ? - help, Shift-Dir - straight line, f/p - merfolk impaler
Aim: a merfolk impaler, wielding a trident and wearing a robe (chance to defeat MR: 53%)
The merfolk impaler resists with some effort.
The water nymph completely misses you.
The snapping turtle bites you from afar!!
The merfolk impaler hits you from afar with a trident!!
* * * LOW HITPOINT WARNING * * *
The water nymph casts a spell at you. The water rises up and strikes you!
You die...

.≈≈≈≈≈≈≈≈≈≈≈≈≈≈##
...≈≈≈≈≈≈≈≈≈≈≈≈≈≈#≈
..≈≈≈≈≈≈≈≈≈≈≈≈≈≈#≈
..≈≈≈≈≈≈≈≈≈≈≈≈≈≈≈#≈ ####
≈≈≈≈≈≈≈≈≈≈≈≈≈≈≈≈##
##≈≈≈##≈≈≈≈≈≈≈≈≈≈≈≈≈≈≈≈#
#.≈≈t≈#≈≈≈≈≈≈≈≈≈≈≈≈≈≈≈..
+≈≈)≈m'm≈≈≈≈≈≈≈≈≈≈≈≈....
#≈≈≈≈≈#@≈..≈≈≈≈≈≈≈......
##≈≈≈##.................
#####..................
≈≈≈≈≈≈†.................<
≈≈≈≈≈≈≈..................
≈≈≈≈≈≈≈.....≈####))......
≈≈≈≈≈≈≈.....##....#......
≈≈≈≈≈≈≈....##≈≈≈#≈≈#.....
≈≈≈≈≈≈≈...##≈≈#≈≈≈)......


You could see a merfolk impaler, a snapping turtle and a water nymph.

Vanquished Creatures
  2 krakens (Shoals:3)
  Kirke (Shoals:1)
  Agnes (D:14)
  An orc warlord (Orc:2)
  2 entropy weavers (Lair:5)
  A stone giant (Orc:2)
  5 dire elephants (Lair:6)
  Snorg (D:14)
  7 merfolk javelineers
  13 merfolk impalers
  A minotaur (Lab)
  5 merfolk avatars
  6 hydras
  An anaconda (Lair:6)
  An ogre mage (D:13)
  A death knight (D:14)
  A catoblepas (Lair:5)
  An alligator snapping turtle (Shoals:1)
  4 two-headed ogres
  2 centaur warriors (D:13)
  A merfolk aquamancer (Shoals:1)
  The ghost of Lovchig the Cleaver, a novice DDFi of Makhleb (D:8)
  3 satyrs
  A queen ant (Lair:5)
  6 death yaks
  2 orc high priests (Orc:2)
  A deep elf knight (D:13)
  3 skeletal warriors
  7 sea snakes
  A phantasmal warrior (D:14)
  2 orc knights
  4 harpies
  2 deep elf magi (D:13)
  A wolf spider (D:14)
  11 fauns
  6 ugly things
  2 oklob plants
  5 orc sorcerers (Orc:2)
  5 cyclopes
  9 manticores
  15 elephants
  The ghost of TheNamelessOne the Conjurer, a novice DsCj of Vehumet (D:6)
  10 merfolk sirens
  3 centaur zombies (D:11)
  Psyche (D:12)
  5 black mambas
  3 water nymphs
  A torpor snail (Lair:4)
  9 spiny frogs
  2 rime drakes (Lair:3)
  An efreet (D:13)
  3 komodo dragons
  A freezing wraith (D:14)
  4 trolls
  25 merfolk
  7 wind drakes
  A meliai (shapeshifter) (D:14)
  A harpy skeleton (D:13)
  11 hippogriffs
  3 dream sheep (Shoals:2)
  3 slime creatures (D:12)
  9 snapping turtles
  A centaur simulacrum (D:14)
  2 wraiths
  3 shadows
  3 wyverns
  A yak (shapeshifter) (D:13)
  A vampire (D:15)
  A steam dragon (D:4)
  21 yaks
  Grum (Lair:1)
  7 water elementals
  3 hogs (Shoals:1)
  4 basilisks
  3 hungry ghosts
  Eustachio (D:5)
  3 wargs
  A naga (Lair:2)
  24 soldier ants (Lair:5)
  Duvessa (D:5)
  The ghost of Mirai the Conjurer, an amateur DECj of Okawaru (D:4)
  9 water moccasins
  8 porcupines
  2 acid dragons
  34 orc warriors
  6 ice beasts
  3 sky beasts
  A necrophage (D:5)
  4 phantoms
  2 black bears
  3 eyes of draining
  15 ogres
  7 wolves
  16 centaurs
  8 crocodiles
  3 big kobolds
  14 bullfrogs
  Dowan (D:5)
  3 scorpions
  2 wyvern skeletons
  26 killer bees
  A howler monkey (D:11)
  3 electric eels
  7 wights
  3 bullfrog zombies
  6 crimson imps
  A quasit (D:8)
  3 bullfrog skeletons
  4 jellies
  6 hounds
  30 orc wizards
  22 orc priests
  5 centaur skeletons
  Natasha (thrice) (D:3)
  2 iguanas
  26 worker ants
  A hound skeleton (D:9)
  A worker ant zombie (D:5)
  8 adders
  A howler monkey skeleton (D:6)
  2 shadow imps
  An ooze (D:2)
  5 worms
  2 dart slugs
  5 leopard geckos
  92 orcs
  A ball python (D:1)
  5 giant cockroaches
  6 goblins
  6 hobgoblins
  11 jackals
  22 kobolds
  4 quokkas
  10 bats
  6 frilled lizards
  A giant cockroach zombie (D:5)
  A jackal zombie (D:7)
  A leopard gecko skeleton (D:4)
  2 quokka skeletons
  10 rats
  3 plants
827 creatures vanquished.

Vanquished Creatures (others)
  A hog (Shoals:1)
  An orc wizard (D:6)
  6 fungi
  3 plants
11 creatures vanquished.

Grand Total: 838 creatures vanquished

Notes
Turn   | Place    | Note
-------+----------+-------------------------------------------
     0 | D:1      | lyrx the Spriggan Enchanter began the quest for the Orb.
     0 | D:1      | Reached XP level 1. HP: 9/9 MP: 5/5
   144 | D:1      | Reached XP level 2. HP: 11/13 MP: 6/6
   175 | D:1      | Learned a level 2 spell: Ensorcelled Hibernation
   260 | D:1      | Reached skill level 5 in Stealth
   668 | D:1      | Reached XP level 3. HP: 16/16 MP: 8/8
   875 | D:2      | Learned a level 3 spell: Confuse
  1199 | D:2      | Reached skill level 6 in Stealth
  1384 | D:2      | Reached XP level 4. HP: 21/21 MP: 9/9
  1865 | D:3      | Noticed Natasha
  1873 | D:3      | Killed Natasha
  1873 | D:3      | Reached skill level 7 in Stealth
  1995 | D:3      | Noticed Natasha
  2005 | D:3      | Killed Natasha
  2005 | D:3      | Reached XP level 5. HP: 24/24 MP: 7/10
  2009 | D:3      | Noticed Natasha
  2016 | D:3      | Killed Natasha
  2279 | D:4      | Found a snail-covered altar of Cheibriados.
  2319 | D:4      | Reached skill level 8 in Stealth
  2364 | D:4      | Reached XP level 6. HP: 29/29 MP: 0/11
  2893 | D:4      | Noticed Mirai's ghost (amateur DECj)
  3040 | D:4      | Killed Mirai's ghost
  3040 | D:4      | Reached skill level 9 in Stealth
  3258 | D:4      | Noticed a steam dragon
  3274 | D:4      | Killed a steam dragon
  3274 | D:4      | Reached XP level 7. HP: 32/32 MP: 6/13
  3338 | D:5      | Entered Level 5 of the Dungeon
  3359 | D:5      | Noticed Eustachio
  3363 | D:5      | Noticed Duvessa
  3369 | D:5      | Found a shadowy altar of Dithmenos.
  3369 | D:5      | Noticed Dowan
  3370 | D:5      | Killed Duvessa
  3370 | D:5      | Reached skill level 1 in Fighting
  3531 | D:5      | Found Rabor's Distillery.
  3545 | D:5      | Reached skill level 10 in Stealth
  3545 | D:5      | Reached skill level 1 in Ice Magic
  3811 | D:5      | Bought a potion of degeneration for 12 gold pieces
  3811 | D:5      | Bought a potion of heal wounds for 60 gold pieces
  3811 | D:5      | Bought a potion of lignification for 36 gold pieces
  3811 | D:5      | Bought a potion of flight for 36 gold pieces
  3894 | D:5      | Reached skill level 5 in Short Blades
  3897 | D:5      | Found Uthepn's Jewellery Emporium.
  3968 | D:5      | Found a glowing silver altar of Zin.
  3971 | D:5      | Reached skill level 5 in Hexes
  3975 | D:5      | Reached XP level 8. HP: 36/36 MP: 15/15
  3994 | D:5      | Found Pios's Book Boutique.
  4126 | D:5      | Found a blossoming altar of Fedhas.
  4205 | D:5      | Killed Eustachio
  4291 | D:5      | Killed Dowan
  4365 | D:5      | Reached skill level 11 in Stealth
  4436 | D:5      | Found a hide-covered altar of Uskayaw.
  4452 | D:5      | Became a worshipper of Uskayaw the Reveler
  4531 | D:6      | Noticed TheNamelessOne's ghost (novice DsCj)
  4535 | D:6      | Reached * piety under Uskayaw
  4587 | D:6      | Reached ** piety under Uskayaw
  4634 | D:6      | Found an iron altar of Okawaru.
  4637 | D:6      | Found an ancient bone altar of Kikubaaqudgha.
  4638 | D:6      | Found a stormy altar of Qazlal.
  4942 | D:6      | Killed TheNamelessOne's ghost
  4942 | D:6      | Reached skill level 5 in Dodging
  4942 | D:6      | Reached skill level 12 in Stealth
  4942 | D:6      | Reached XP level 9. HP: 40/40 MP: 13/17
  4949 | D:6      | Reached *** piety under Uskayaw
  5210 | D:7      | Found a hazy altar of Hepliaklqana.
  5383 | D:7      | Reached skill level 13 in Stealth
  5543 | D:7      | Reached skill level 5 in Spellcasting
  5646 | D:7      | Found a sacrificial altar of Ru.
  5647 | D:7      | Found a basalt altar of Yredelemnul.
  5829 | D:7      | Found a staircase to the Ecumenical Temple.
  5838 | Temple   | Entered the Ecumenical Temple
  6083 | D:7      | Gained mutation: Your flesh is heat resistant. (rF+) [potion of mutation]
  6083 | D:7      | Gained mutation: You are robust. (+10% HP) [potion of mutation]
  6083 | D:7      | Gained mutation: You are resistant to hostile enchantments. (MR+) [potion of mutation]
  6149 | D:8      | Noticed a two-headed ogre
  6157 | D:8      | Killed a two-headed ogre
  6157 | D:8      | Reached skill level 14 in Stealth
  6249 | D:8      | Reached skill level 15 in Stealth
  6539 | D:8      | Found a deep blue altar of Sif Muna.
  6561 | D:8      | Noticed Lovchig's ghost (novice DDFi)
  6633 | D:8      | Killed Lovchig's ghost
  6633 | D:8      | Reached XP level 10. HP: 22/50 MP: 7/19
  7056 | D:8      | You fall through a shaft!
  7056 | D:9      | Found a staircase to the Lair.
  7718 | D:9      | Found a blossoming altar of Fedhas.
  7732 | D:9      | Reached skill level 16 in Stealth
  8364 | D:9      | Reached skill level 17 in Stealth
  8394 | D:9      | Reached **** piety under Uskayaw
  8755 | Lair:1   | Entered Level 1 of the Lair of Beasts
  9080 | Lair:1   | Noticed Grum
  9118 | Lair:1   | Noticed an oklob plant
  9384 | Lair:1   | Killed an oklob plant
  9384 | Lair:1   | Reached XP level 11. HP: 55/55 MP: 15/21
  9475 | Lair:1   | Killed Grum
  9692 | Lair:1   | Reached skill level 18 in Stealth
  9750 | Lair:2   | Found a staircase to the Snake Pit.
 10214 | Lair:3   | Reached skill level 1 in Evocations
 10625 | Lair:3   | Got a faintly glowing morningstar
 10626 | Lair:3   | Identified the +9 morningstar "Piakk" {protect, +Blink} (You found it on level 3 of the Lair of Beasts)
 11214 | Lair:4   | Noticed an oklob plant
 11219 | Lair:4   | Killed an oklob plant
 11219 | Lair:4   | Reached skill level 19 in Stealth
 11236 | Lair:4   | Noticed a death yak
 11390 | Lair:4   | Found a staircase to the Shoals.
 12024 | Lair:4   | Noticed a six-headed hydra
 12026 | Lair:4   | Killed a six-headed hydra
 12047 | Lair:4   | Learned a level 5 spell: Metabolic Englaciation
 12053 | Lair:4   | Learned a level 5 spell: Yara's Violent Unravelling
 12261 | Lair:4   | Reached XP level 12. HP: 34/59 MP: 16/25
 12667 | Lair:4   | Killed a death yak
 13114 | Lair:5   | Noticed a queen ant
 13419 | Lair:5   | Noticed an entropy weaver
 13423 | Lair:5   | Noticed an entropy weaver
 13481 | Lair:5   | Noticed a catoblepas
 13636 | D:10     | Entered Level 10 of the Dungeon
 13694 | D:10     | Found a staircase to the Orcish Mines.
 13711 | D:10     | Reached skill level 20 in Stealth
 13882 | D:10     | Noticed a two-headed ogre
 13991 | D:10     | Reached skill level 10 in Hexes
 14311 | D:10     | Killed a two-headed ogre
 14367 | D:10     | Reached skill level 5 in Evocations
 15143 | D:11     | Reached skill level 10 in Short Blades
 15433 | D:11     | Noticed a two-headed ogre
 15488 | D:11     | Killed a two-headed ogre
 15977 | D:12     | Reached XP level 13. HP: 64/64 MP: 27/27
 16062 | D:12     | Reached skill level 10 in Spellcasting
 16293 | D:12     | Found Omaf's Gadget Emporium.
 16298 | D:12     | Bought a lightning rod (4/4) for 560 gold pieces
 16468 | D:12     | Noticed Psyche
 16475 | D:12     | Killed Psyche
 17351 | D:13     | Reached skill level 10 in Dodging
 17609 | D:13     | Learned a level 6 spell: Invisibility
 18221 | D:13     | Found a gate to the Vaults.
 18520 | D:14     | Noticed Snorg
 18527 | D:14     | Killed Snorg
 18530 | D:14     | You fall through a shaft!
 18530 | D:15     | Entered Level 15 of the Dungeon
 18530 | D:15     | Found a staircase to the Depths.
 18530 | D:15     | Noticed a dire elephant
 18686 | D:14     | Found a labyrinth entrance.
 18779 | Lab      | Entered a labyrinth
 18961 | Lab      | Noticed a minotaur
 18967 | Lab      | Killed a minotaur
 18978 | Lab      | Identified the Guide on Protection
 19736 | D:14     | Noticed Agnes
 20083 | Lair:1   | Learned a level 3 spell: Dazzling Spray
 20088 | Lair:1   | Learned a level 1 spell: Summon Butterflies
 20348 | Lair:5   | Reached ***** piety under Uskayaw
 20361 | Lair:5   | Reached XP level 14. HP: 71/71 MP: 27/30
 20385 | Lair:5   | Reached ****** piety under Uskayaw
 20899 | Lair:5   | Killed an entropy weaver
 21084 | Lair:5   | Killed an entropy weaver
 21190 | Lair:6   | Entered Level 6 of the Lair of Beasts
 21190 | Lair:6   | Found a staircase to the Slime Pits.
 21874 | Lair:6   | Reached skill level 15 in Hexes
 22189 | Lair:6   | Got a flickering jade ring
 22191 | Lair:6   | Identified the ring "Weng" {-Tele *Drain rPois Int+5 SInv} (You found it on level 6 of the Lair of Beasts)
 24107 | D:14     | Killed Agnes
 24397 | D:15     | Reached XP level 15. HP: 74/74 MP: 26/33
 24530 | D:15     | Found a glowing silver altar of Zin.
 24714 | Orc:1    | Entered Level 1 of the Orcish Mines
 24811 | Orc:2    | Entered Level 2 of the Orcish Mines
 24824 | Orc:2    | Found a staircase to the Elven Halls.
 24854 | Orc:2    | Reached skill level 10 in Evocations
 24942 | Orc:1    | Found Rarilet's Food Shoppe.
 25603 | Orc:2    | Identified a scroll of acquirement
 25619 | Orc:2    | Got a fine rapier
 25623 | Orc:2    | Identified the +5 rapier "Huommust" {vamp, rPois rF+} (You acquired it on level 2 of the Orcish Mines)
 25637 | Orc:2    | Found a roughly hewn altar of Beogh.
 25657 | Orc:2    | Found Efaucarpha's Book Emporium.
 25716 | Orc:2    | Found a roughly hewn altar of Beogh.
 25755 | Orc:2    | Found Sel Muule's Weapon Shoppe.
 25924 | Orc:2    | Found a roughly hewn altar of Beogh.
 26027 | Orc:2    | Found a gateway to a bazaar.
 26038 | Bazaar   | Entered a bazaar
 26038 | Bazaar   | Found Izogh's Armour Shoppe.
 26038 | Bazaar   | Found Fidi's Gadget Shoppe.
 26038 | Bazaar   | Found Jeirano's Assorted Antiques.
 26040 | Bazaar   | Found Pibuesk's General Store.
 26060 | Bazaar   | Bought a scroll of identify for 26 gold pieces
 26069 | Bazaar   | Bought a lamp of fire for 360 gold pieces
 26072 | Bazaar   | Bought a scarf of repulsion for 180 gold pieces
 26494 | Orc:2    | Found a roughly hewn altar of Beogh.
 26555 | Orc:2    | Found a roughly hewn altar of Beogh.
 26726 | Orc:2    | Noticed an orc warlord
 26729 | Orc:2    | Found a roughly hewn altar of Beogh.
 26729 | Orc:2    | Found Fuysodau's Antique Weapon Shoppe.
 26740 | Orc:2    | Found Bireifua's Antique Armour Emporium.
 26754 | Orc:2    | Killed an orc warlord
 27363 | Shoals:1 | Entered Level 1 of the Shoals
 27363 | Shoals:1 | Found Teifa's Book Boutique.
 27363 | Shoals:1 | Found Tiateytt's Assorted Antiques.
 27363 | Shoals:1 | Noticed Kirke
 27392 | Shoals:1 | Killed Kirke
 27399 | Shoals:1 | Reached skill level 1 in Transmutations
 27497 | Shoals:1 | Found Rableyma's Food Emporium.
 28908 | Shoals:2 | Found Yshatops's Antique Armour Shop.
 29043 | Shoals:2 | Found Ruppup's Weapon Emporium.
 29120 | Shoals:2 | Reached skill level 21 in Stealth
 29438 | Shoals:2 | Found Iruaxtud's Antique Armour Emporium.
 29479 | Shoals:2 | Found Yguihes's Antique Weapon Boutique.
 29491 | Shoals:2 | Found Aczenn's Book Shoppe.
 29741 | Shoals:2 | Reached XP level 16. HP: 80/80 MP: 34/34
 30015 | Shoals:3 | Reached skill level 5 in Transmutations
 30319 | Shoals:3 | Noticed a kraken
 30328 | Shoals:3 | Killed a kraken
 30402 | Shoals:3 | Reached skill level 22 in Stealth
 30635 | Shoals:3 | Noticed a kraken
 30644 | Shoals:3 | Killed a kraken
 30805 | Shoals:4 | Entered Level 4 of the Shoals
 30866 | Shoals:4 | Found Eqis's Armour Shoppe.
 31069 | Shoals:4 | Identified the Volume of the Ten Scars
 31161 | Shoals:4 | Got a barnacled rune of Zot
 31186 | Shoals:4 | Noticed Ilsuiw
 31540 | Shoals:4 | Reached skill level 23 in Stealth
 31585 | Shoals:4 | Killed from afar by a water nymph

Skill      XL: |  1  2  3  4  5  6  7  8  9 10 11 12 13 14 15 16 |
---------------+-------------------------------------------------+-----
Stealth        | 5 6 7 8 9 10 12 15 17 19 20 21 23 | 23.2
Hexes          | 4 5 6 7 9 11 13 15 17 | 17.4
Short Blades   | 2 3 4 5 6 8 9 10 | 10.0
Spellcasting   | 3 4 5 6 8 9 11 13 14 | 14.3
Dodging        | 4 5 6 7 9 11 12 13 | 13.8
Fighting       | 1 2 3 |  3.6
Ice Magic      | 1 |  1.1
Evocations     | 3 6 8 9 10 11 | 11.0
Transmutations | 4 6 |  6.6
Conjurations   | |  0.2

Action                   |  1- 3 |  4- 6 |  7- 9 | 10-12 | 13-15 | 16-18 || total
-------------------------+-------+-------+-------+-------+-------+-------++-------
Melee: Dagger            |    96 |       |       |   377 |   978 |   121 ||  1572
       Short sword       |    37 |   139 |   314 |   280 |       |       ||   770
       Rapier            |       |       |       |       |    55 |       ||    55
 Cast: Ensorcelled Hiber |     3 |    11 |    36 |   160 |   200 |    15 ||   425
       Confuse           |     1 |     6 |    16 |    83 |    91 |    10 ||   207
       Corona            |       |       |       |     5 |       |       ||     5
       Invisibility      |       |       |       |       |    17 |     6 ||    23
       Dazzling Spray    |       |       |       |       |     4 |       ||     4
       Metabolic Englaci |       |       |       |       |     2 |       ||     2
Invok: Line Pass         |       |       |       |     5 |     6 |       ||    11
       Stomp             |       |       |       |     3 |     2 |       ||     5
 Abil: Evoke Berserk Rag |       |       |       |     1 |       |       ||     1
       Evoke Flight      |       |       |       |       |    17 |    16 ||    33
       Stop Flying       |       |       |       |       |     8 |     4 ||    12
Evoke: Wand              |       |       |     1 |    16 |    54 |     8 ||    79
       Sack of spiders   |       |       |       |     1 |     2 |       ||     3
       Lightning rod     |       |       |       |       |     4 |       ||     4
  Use: Scroll            |     3 |       |    12 |    12 |    14 |       ||    41
       Potion            |       |       |     7 |     1 |     3 |       ||    11
 Stab: Sleeping          |    24 |    21 |    38 |   128 |   211 |    36 ||   458
       Confused          |     1 |     2 |    10 |    31 |    45 |     2 ||    91
       Distracted        |     1 |       |     4 |    11 |    10 |     1 ||    27
       Paralysed         |       |       |       |    12 |    31 |     6 ||    49
       Petrified         |       |       |       |     1 |       |       ||     1
       Invisible         |       |       |       |       |    80 |    22 ||   102
  Eat: Ration            |       |     1 |     3 |     7 |    14 |     4 ||    29
Armor: Robe              |     4 |    28 |     5 |    10 |       |       ||    47
       Steam dragon scal |       |       |    28 |    18 |    43 |       ||    89
Dodge: Dodged            |    94 |   107 |   208 |   328 |   616 |    73 ||  1426
